 Dungeon Crawl Stone Soup version 0.27-a0-531-gb72ec1a1b6 (webtiles) character file.

Game seed: 12779406857073128810

518 Leibowitz the Cutter (level 7, -4/43 HPs)
             Began as a Kobold Berserker on Mar 5, 2021.
             Was a Priest of Trog.
             Slain by a sky beast (6 damage)
             ... on level 4 of the Dungeon.
             The game lasted 00:14:32 (5149 turns).

Leibowitz the Cutter (Kobold Berserker)             Turns: 5149, Time: 00:14:34

Health: -4/43      AC:  4    Str: 14    XL:     7   Next: 45%
Magic:  7/7        EV: 15    Int:  9    God:    Trog [***...]
Gold:   129        SH:  5    Dex: 16    Spells: 6/6 levels left

rFire    . . .     SeeInvis .   a - +0 short sword
rCold    . . .     Faith    .   l - +0 buckler
rNeg     . . .     Spirit   .   b - +0 animal skin
rPois    .         Reflect  .   (no helmet)
rElec    .         Harm     .   (no cloak)
rCorr    .         Rampage  .   o - +0 pair of gloves
Will     +....                  n - +0 pair of boots
Stlth    ++++......             (no amulet)
HPRegen  0.14/turn              s - ring of willpower
MPRegen  0.10/turn              (no ring)

@: berserk cooldown, attractive, slowed, very slow
A: small, nightstalker 3
a: Renounce Religion, Berserk, Trog's Hand


You were on level 4 of the Dungeon.
You worshipped Trog.
Trog was most pleased with you.
You visited 1 branch of the dungeon, and saw 4 of its levels.

You collected 129 gold pieces.

Inventory:

Hand Weapons
 a - a +0 short sword (weapon)
Armour
 b - a +0 animal skin (worn)
 l - a +0 buckler (worn)
 n - a +0 pair of boots (worn)
 o - a +0 pair of gloves (worn)
Jewellery
 s - a ring of willpower (left hand)
Scrolls
 c - 5 scrolls of identify {unknown}
 d - 2 scrolls of immolation {unknown}
 e - a scroll of blinking {unknown}
 f - a scroll of noise {unknown}
 k - a scroll of enchant armour {unknown}
 m - a scroll of amnesia {unknown}
 p - a scroll of magic mapping {unknown}
 q - a scroll of fear {unknown}
Potions
 g - 2 potions of attraction
 h - 2 potions of flight {unknown}
 i - a potion of heal wounds {unknown}
 j - a potion of degeneration {unknown}
 r - 2 potions of curing {unknown}


   Skills:
 * Level 4.3 Fighting
 * Level 6.4 Short Blades
 * Level 2.5 Armour
 * Level 4.1 Dodging
 * Level 5.1 Stealth
 * Level 1.4 Shields


You had 6 spell levels left.
You didn't know any spells.
Your spell library was empty.

Dungeon Overview and Level Annotations

Branches:
Dungeon (4/15)
 Temple: D:4-7

Altars:
Kikubaaqudgha
Nemelex Xobeh
Trog


Innate Abilities, Weirdness & Mutations

You are small and have problems with some larger weapons.
You are completely attuned to the shadows.


Message History

You feel the power of Trog in you as your rage grows.
You kill the gnoll!
Trog accepts your kill. The gnoll hits you with a +0 flail.
Things that are here:
a +0 spear; a gnoll corpse You puncture the gnoll!
The gnoll is almost dead.
The gnoll hits you but does no damage.
You hit the gnoll.
You kill the gnoll!
Trog accepts your kill.
You start resting.
You feel a strong urge to attack something.
You are no longer berserk.
You are exhausted.
You feel yourself slow down.
You start resting.
A sky beast comes into view.
Things that are here:
a +0 halberd; a gnoll corpse
Things that are here:
a jackal corpse; a hound corpse The sky beast flickers out of sight!
Deactivating autopickup; reactivate with Ctrl-A.
You barely miss something. Something hits you. Something shocks you.
Something barely misses you.
You hit something. Something hits you. Something shocks you.
You closely miss something. Something hits you.
* * * LOW HITPOINT WARNING * * *
Something shocks you.
* * * LOW HITPOINT WARNING * * *
It was a potion of attraction.
You feel attractive to monsters.
A sky beast appears from thin air!
Reactivating autopickup.
The sky beast hits you.
* * * LOW HITPOINT WARNING * * *
The sky beast shocks you.
You die...

#.# #..# #.# #..#
####.###..##########
.!..)))#...........#
..Y.)#†#...#######.#
######.#...# #.#
#.#:..# #.#
.######.....# #..
....@Y......# #.#
.#########..# #.#
#.........#######.#
#.######..........#
#.# #.###..##### #.#
#.# #..# #.#
#<###..# #.#
##......# #.#
#..###.##


You could see a sky beast.

Vanquished Creatures
  An ogre (D:4)
  A scorpion (D:4)
  A hound (D:4)
  A gnoll shaman (D:4)
  An orc priest (D:4)
  An orc wizard (D:4)
  A worker ant (D:4)
  A howler monkey skeleton (D:4)
  6 adders
  8 gnolls
  2 oozes (D:1)
  An adder skeleton (D:4)
  4 worms
  5 dart slugs
  2 leopard geckos
  4 orcs
  4 giant cockroaches
  5 goblins
  4 hobgoblins
  5 jackals
  4 quokkas
  6 bats
  4 frilled lizards
  4 kobolds (D:1)
  11 rats
87 creatures vanquished.

Notes
Turn   | Place    | Note
-------+----------+-------------------------------------------
     0 | D:1      | Leibowitz the Kobold Berserker began the quest for the Orb.
     0 | D:1      | Reached XP level 1. HP: 14/14 MP: 1/1
   232 | D:1      | Reached XP level 2. HP: 4/19 MP: 2/2
   701 | D:1      | Reached XP level 3. HP: 16/23 MP: 3/3
   835 | D:1      | Reached skill level 1 in Stealth
  1489 | D:2      | Reached ** piety under Trog
  1510 | D:2      | Reached XP level 4. HP: 24/29 MP: 4/4
  1515 | D:2      | Reached skill level 5 in Short Blades
  2458 | D:2      | Noticed a moth of wrath
  2465 | D:2      | Found a bloodstained altar of Trog.
  2488 | D:2      | Reached XP level 5. HP: 29/33 MP: 5/5
  2819 | D:2      | Found a sparkling altar of Nemelex Xobeh.
  2820 | D:2      | Found an ancient bone altar of Kikubaaqudgha.
  4486 | D:4      | Reached XP level 6. HP: 38/38 MP: 6/6
  4531 | D:4      | Noticed an ogre
  4542 | D:4      | Killed an ogre
  4543 | D:4      | Reached skill level 1 in Shields
  4574 | D:4      | Reached *** piety under Trog
  4575 | D:4      | Reached skill level 6 in Short Blades
  4864 | D:4      | Reached XP level 7. HP: 43/43 MP: 7/7
  5112 | D:4      | Reached skill level 5 in Stealth
  5149 | D:4      | HP: 2/43 [sky beast (2)]
  5149 | D:4      | Slain by a sky beast

Illustrated notes

Levels and vault maps discovered:
D:1:      amcnicky_arrival_wind_blow, layout_basic, serial_park_tiny_pond
D:2:      layout_loops_ring, gammafunk_temple_overflow_statue,
          serial_co_window_serial, co_window_paths_b, co_window_paths_a,
          co_window_paths_a, co_window_paths_a, co_window_of_opportunity_a,
          co_window_paths_a, co_window_paths_b, co_window_paths_c,
          co_window_corner_ca, co_window_broadway_b, co_window_2corner,
          co_window_unsneaky_path_d, co_window_broadway_c, tgw_trog
D:3:      layout_loops_ring
D:4:      layout_loops_ring, uniq_eustachio

Skill      XL: |  1  2  3  4  5  6  7 |
---------------+----------------------+-----
Stealth        | 2 3 4 5 |  5.1
Short Blades   | 5 6 |  6.4
Armour         | 2 |  2.5
Dodging        | 3 4 |  4.1
Fighting       | 4 |  4.3
Shields        | 1 |  1.4

Action                   |  1- 3 |  4- 6 |  7- 9 || total
-------------------------+-------+-------+-------++-------
Melee: Short sword       |    68 |   224 |    51 ||   343
Invok: Berserk           |     1 |     2 |     1 ||     4
       Trog's Hand       |       |     1 |       ||     1
  Use: Potion            |       |       |     1 ||     1
 Stab: Sleeping          |    11 |    16 |     1 ||    28
Armor: Animal skin       |     6 |    18 |     8 ||    32
Dodge: Dodged            |    33 |   123 |    33 ||   189
Block: Buckler           |     1 |    37 |    10 ||    48

Table legend: (Time is in decaauts)
 A = Elapsed time spent in this place.
 B = Non-inter-level travel time spent in this place.
 C = Inter-level travel time spent in this place.
 D = Time resting spent in this place.
 E = Time spent auto-exploring this place.
 F = Levels seen in this place.
 G = Mean time per level.
                   A        B        C        D        E       F      G
               +--------+--------+--------+--------+--------+-----+--------+
         Total |   5151 |   5022 |    129 |    798 |   3492 |   4 | 1287.8 |
       Dungeon |   5151 |   5022 |    129 |    798 |   3492 |   4 | 1287.8 |
               +--------+--------+--------+--------+--------+-----+--------+

Top non-repeatable levels by time:
     D:2: 1991 daAuts
     D:1: 1385 daAuts
     D:3: 1106 daAuts
     D:4: 669 daAuts
